 Dungeon Crawl Stone Soup version 0.28.0-43-g3370ac3207 (webtiles) character file.

Game seed: 6269888978654529470

2331 Peloso the Carver (level 9, -6/78 HPs)
             Began as a Minotaur Fighter on Mar 29, 2022.
             Was a Follower of Okawaru.
             Killed from afar by a gargoyle (18 damage)
             ... with a stone arrow
             ... on level 10 of the Dungeon.
             The game lasted 00:11:46 (7586 turns).

Peloso the Carver (Minotaur Fighter)                Turns: 7586, Time: 00:11:46

Health: -6/78      AC: 19    Str: 23    XL:     9   Next: 19%
Magic:  8/8        EV:  9    Int:  5    God:    Okawaru [*.....]
Gold:   235        SH:  5    Dex: 12    Spells: 8/8 levels left

rFire   . . .      SeeInvis .   a - +2 falchion (vorpal)
rCold   . . .      Faith    .   c - +0 buckler
rNeg    . . .      Spirit   .   s - +0 chain mail
rPois   +          Reflect  .   (helmet restricted)
rElec   .          Harm     .   g - +1 cloak {Will+}
rCorr   .          Rampage  .   j - +0 pair of gloves
Will    +....                   (no boots)
Stlth   ..........              (no amulet)
HPRegen 0.23/turn               q - +4 ring of protection
MPRegen 0.11/turn               x - ring of poison resistance

@: no status effects
A: horns 2, retaliatory headbutt
a: Renounce Religion, Heroism


You were on level 10 of the Dungeon.
You worshipped Okawaru.
Okawaru was aware of your devotion.
You visited 2 branches of the dungeon, and saw 11 of its levels.

You collected 385 gold pieces.
You spent 150 gold pieces at shops.

Inventory:

Hand Weapons
 a - a +2 vorpal falchion (weapon)
 b - a +1 whip of flaming
Armour
 c - a +0 buckler (worn)
 g - a +1 cloak of willpower (worn)
 j - a +0 pair of gloves (worn)
 s - a +0 chain mail (worn)
 t - a scarf of resistance
Jewellery
 o - a ring of flight
 q - a +4 ring of protection (left hand)
 x - a ring of poison resistance (right hand)
Wands
 p - a wand of acid (9)
 y - a wand of charming (2)
 B - a wand of paralysis (6)
Scrolls
 i - a scroll of magic mapping
 k - 11 scrolls of teleportation
 l - a scroll of fear
 m - a scroll of brand weapon {unknown}
 u - 2 scrolls of noise {unknown}
 w - a scroll of enchant armour {unknown}
Potions
 d - a potion of might
 e - 2 potions of flight
 f - 2 potions of brilliance
 h - a potion of heal wounds
 n - 2 potions of curing {unknown}
 r - a potion of attraction {unknown}
 v - 2 potions of resistance {unknown}
 A - a potion of haste {unknown}


   Skills:
 + Level 6.6 Fighting
 + Level 9.4 Long Blades
 + Level 8.8 Armour
 + Level 3.4 Dodging
 + Level 1.0 Stealth
 + Level 5.7 Shields


You had 8 spell levels left.
You didn't know any spells.
Your spell library contained the following spells:

 Spells                   Type           Power      Damage    Failure   Level
 Sandblast                Erth           0%         2d4       99%         1
 Sting                    Tmut/Pois      0%         1d3       99%         1
 Passwall                 Tmut/Erth      0%         N/A       99%         2
 Poisonous Vapours        Pois/Air       0%         N/A       99%         2
 Stone Arrow              Conj/Erth      0%         3d7       100%        3
 Olgreb's Toxic Radiance  Pois           0%         N/A       100%        4


Dungeon Overview and Level Annotations

Branches:
Dungeon (11/15)            Temple (1/1) D:6
   Lair: D:8-11         Orc: D:9-12

Altars:
Ashenzari
Cheibriados
Dithmenos
Elyvilon
Fedhas
Hepliaklqana
Kikubaaqudgha
Makhleb
Nemelex Xobeh
Okawaru
Qazlal
Ru
Sif Muna
Trog
Uskayaw
Vehumet
Xom
Yredelemnul
Zin
The Shining One

Shops:
D:1 !   D:5 (*(*(   D:7 [

Annotations:
D:6 1 runed translucent door, Sobaton's ghost, novice MiFi


Innate Abilities, Weirdness & Mutations

You have a pair of horns on your head.
You reflexively headbutt those who attack you in melee.


Message History

The gargoyle is heavily damaged.
You hit the gargoyle.
The gargoyle is heavily damaged.
The gargoyle hits you with a +0 mace!
You hit the gargoyle but do no damage.
The gargoyle is heavily damaged.
The gargoyle hurls a stone arrow at you.
The stone arrow misses you.
You hit the gargoyle.
The gargoyle is severely damaged.
The gargoyle hits you with a +0 mace.
You barely miss the gargoyle.
The gargoyle is severely damaged.
The gargoyle hurls a stone arrow at you.
The stone arrow hits you!
* * * LOW HITPOINT WARNING * * *
You hit the gargoyle but do no damage.
The gargoyle is severely damaged.
The gargoyle barely misses you.
You hit the gargoyle but do no damage.
The gargoyle is severely damaged.
The gargoyle hits you but does no damage.
You hit the gargoyle but do no damage.
The gargoyle is severely damaged.
You hit the gargoyle but do no damage.
The gargoyle is severely damaged.
The gargoyle hurls a stone arrow at you.
The stone arrow hits you!
* * * LOW HITPOINT WARNING * * *
You hit the gargoyle. Your headbutt misses the gargoyle.
The gargoyle is almost destroyed.
You block the gargoyle's attack.
You hit the gargoyle but do no damage. Your headbutt misses the gargoyle.
The gargoyle is almost destroyed.
You block the gargoyle's attack.
You hit the gargoyle but do no damage.
The gargoyle is almost destroyed.
The gargoyle hurls a stone arrow at you.
The stone arrow hits you!!
You die...

. .## # ..#######
..# ###.......##
....##...........
................#
.......>.........
.................
.........@9......
.................
.................
.................
.................
.....$...........
.............$..
...............


You could see a gargoyle.

Vanquished Creatures
  3 steam dragons
  2 sky beasts (D:6)
  6 black bears
  A centaur (D:3)
  A kobold brigand (D:7)
  A wyvern zombie (D:7)
  2 bullfrogs
  3 scorpions
  A water moccasin zombie (D:6)
  A water moccasin skeleton (D:6)
  A centaur zombie (D:5)
  An orc priest (D:7)
  A gnoll shaman (D:7)
  2 bullfrog skeletons
  A centaur skeleton (D:6)
  3 iguanas
  An orc wizard (D:6)
  8 gnolls
  5 adders
  A shadow imp (D:5)
  3 ufetubi
  A worm (D:2)
  3 dart slugs
  25 orcs
  8 bats
  6 endoplasms
  4 giant cockroaches
  5 goblins
  7 hobgoblins
  8 jackals
  16 kobolds
  6 quokkas
  4 ball pythons (D:1)
  2 frilled lizards (D:1)
  8 rats
151 creatures vanquished.

Vanquished Creatures (others)
  A wyvern skeleton (D:7)
  An orc priest (D:7)
  A ball python (D:4)
3 creatures vanquished.

Grand Total: 154 creatures vanquished

Notes
Turn   | Place    | Note
-------+----------+-------------------------------------------
     0 | D:1      | Peloso the Minotaur Fighter began the quest for the Orb.
     0 | D:1      | Reached XP level 1. HP: 19/19 MP: 0/0
   358 | D:1      | Reached XP level 2. HP: 27/27 MP: 1/1
   358 | D:1      | Found Ynnaav's Distillery.
   604 | D:1      | Reached skill level 3 in Long Blades
   730 | D:1      | Reached XP level 3. HP: 33/33 MP: 2/2
  1355 | D:2      | Reached XP level 4. HP: 33/40 MP: 3/3
  1704 | D:2      | Reached skill level 4 in Long Blades
  2516 | D:3      | Noticed a centaur
  2523 | D:3      | Killed a centaur
  2524 | D:3      | Reached skill level 5 in Armour
  2524 | D:3      | Reached XP level 5. HP: 20/47 MP: 4/4
  3254 | D:3      | Reached skill level 5 in Long Blades
  3332 | D:4      | Reached skill level 1 in Dodging
  3593 | D:4      | Reached XP level 6. HP: 53/53 MP: 5/5
  3819 | D:4      | Noticed a steam dragon
  3833 | D:4      | Killed a steam dragon
  4311 | D:4      | Reached skill level 6 in Long Blades
  4405 | D:4      | Identified a scroll of acquirement
  4405 | D:4      | Acquired a +1 cloak of willpower
  4447 | D:5      | Entered Level 5 of the Dungeon
  4447 | D:5      | Found Pusmoem's Weapon Shop.
  4498 | D:5      | Found Nutonasch's Assorted Antiques.
  4502 | D:5      | Found Ebru's Antique Weapon Shop.
  4506 | D:5      | Reached XP level 7. HP: 60/60 MP: 6/6
  4516 | D:5      | Bought a runed falchion for 150 gold pieces
  4573 | D:5      | Noticed a steam dragon
  4583 | D:5      | Killed a steam dragon
  4584 | D:5      | Reached skill level 5 in Fighting
  4840 | D:5      | Reached skill level 7 in Long Blades
  4902 | D:5      | Found Goeniluc's Weapon Boutique.
  5013 | D:5      | Reached XP level 8. HP: 68/68 MP: 7/7
  5184 | D:5      | Found Uthrown's Assorted Antiques.
  5374 | D:6      | Found a staircase to the Ecumenical Temple.
  5382 | D:6      | Reached skill level 8 in Long Blades
  5382 | D:6      | Reached skill level 5 in Shields
  5409 | Temple   | Entered the Ecumenical Temple
  5578 | Temple   | Became a worshipper of Warmaster Okawaru
  5984 | D:6      | Found a runed translucent door.
  5988 | D:6      | Noticed Sobaton's ghost (novice MiFi)
  6095 | D:6      | Reached * piety under Okawaru
  6266 | D:7      | Reached skill level 9 in Long Blades
  6452 | D:7      | Reached XP level 9. HP: 58/78 MP: 8/8
  6752 | D:7      | Found Cheibriados's Comfort Zone.
  6752 | D:7      | Found a snail-covered altar of Cheibriados.
  6964 | D:7      | Reached skill level 1 in Stealth
  7541 | D:8      | You fall into a shaft and drop 3 floors!
  7541 | D:11     | Noticed a kobold demonologist
  7566 | D:10     | Entered Level 10 of the Dungeon
  7566 | D:10     | Noticed a gargoyle
  7586 | D:10     | Killed from afar by a gargoyle

Illustrated notes

Levels and vault maps discovered:
D:1:      minmay_arrival_floating_metal, layout_rooms, serial_shops, shop_coins,
          amethyst_killhole, minmay_box_of_dots
D:2:      layout_basic
D:3:      layout_basic
D:4:      layout_cave_pods
D:5:      layout_basic, serial_shops, shop, shop, shop,
          nicolae_shop_bloodbath_and_beyond, kennysheep_mini_moat
D:6:      layout_loops_ring, minmay_temple_entry_junction,
          ebering_ghost_reflecting_pool
D:7:      layout_basic, minmay_shop_chei, minmay_starry_boxes
D:8:      layout_gridville, nicolae_ossuary_entry_ruins, serial_shops,
          nicolae_shop_advertising_works [nicolae_subvault_shop_adworks]
D:10:     layout_cave_pods, mainiacjoe_overflow_big_doors, serial_shops, shop
D:11:     layout_cave_pools, lair_entry_dummy,
          kennysheep_orc_monster_closet_entryway,
          portal_ice_cave_entry_animals_and_master, grunt_potential
Temple:   regret_index_temple_chain_breaker

Skill      XL: |  1  2  3  4  5  6  7  8  9 |
---------------+----------------------------+-----
Shields        | 4 5 |  5.7
Armour         | 4 5 7 8 |  8.8
Long Blades    | 3 4 5 6 7 9 |  9.4
Fighting       | 4 5 6 |  6.6
Dodging        | 1 2 3 |  3.4
Stealth        | 1 |  1.0

Action                   |  1- 3 |  4- 6 |  7- 9 || total
-------------------------+-------+-------+-------++-------
Melee: Long sword        |    87 |   136 |       ||   223
       Headbutt          |     6 |    21 |    40 ||    67
       Falchion          |       |       |   197 ||   197
  Use: Potion            |       |     2 |       ||     2
       Scroll            |       |     5 |     6 ||    11
Armor: Scale mail        |    59 |    42 |       ||   101
       Chain mail        |       |    14 |   155 ||   169
Dodge: Dodged            |    58 |    78 |    95 ||   231
Block: Buckler           |    18 |    30 |    42 ||    90
